Map: Tropical Sacrifice

Players

binski

  • Race: Terran Terran
  • Spawn Location: 7:00

Epic - Winner!

  • Race: Terran Terran
  • Spawn Location: 1:00

Event: DreamHack SC2 Masters 2022 Atlanta (Offline)

VOD

Have the link to the VOD?

Description

Time

  • Played on: Nov. 18, 2022, 3:56 p.m.
  • Length: 9:47

All games in this series

Show
View Real Time Build Order
Export as new Build Order

binski Terran 

Build Orders: Cyclone Opening 

Get SALT Encoding   

  12  0:00  SCV  
  13  0:12  SCV  
  14  0:17  Supply Depot  
  14  0:24  SCV  
  15  0:39  SCV  
  15  0:41  Barracks  
  16  0:44  Refinery  
  16  0:51  SCV  
  16  0:53  Refinery  
  17  1:03  SCV  
  18  1:15  SCV  
  19  1:28  Reaper, Orbital Command  
  20  1:35  Supply Depot  
  20  1:45  Factory  
  20  1:53  SCV  
  21  2:00  Reaper  
  22  2:06  SCV  
  23  2:18  SCV  
  23  2:30  SCV  
  23  2:31  Command Center  
  23  2:33  Barracks Reactor, Factory Tech Lab  
  23  2:42  SCV  
  24  2:46  Supply Depot  
  24  2:52  Cyclone  
  24  2:55  SCV  
  28  3:03  Starport  
  28  3:07  SCV  
  28  3:09  Marine  
  28  3:11  Marine  
  31  3:19  SCV  
  32  3:24  Cyclone  
  35  3:29  Marine  
  35  3:31  SCV  
  36  3:36  Refinery  
  36  3:44  SCV  
  35  3:48  Marine  
  35  3:52  Marine  
  34  3:56  SCV  
  30  4:05  Orbital Command  
  30  4:06  Marine  
  30  4:08  SCV  
  31  4:11  Medivac  
  33  4:18  Marine  
  33  4:20  SCV  
  35  4:30  SCV  
  36  4:31  Cyclone  
  36  4:34  SCV  
  36  4:35  Marine  
  41  4:39  Marine  
  41  4:42  Starport Tech Lab  
  42  4:48  SCV  
  43  4:54  Marine  
  43  4:56  SCV  
  43  4:57  Marine  
  46  5:02  SCV  
  46  5:07  Banshee  
  47  5:08  SCV  
  51  5:14  SCV  
  51  5:20  SCV  
  53  5:26  SCV  
  54  5:31  Marine  
  54  5:32  SCV  
  53  5:37  Marine  
  53  5:38  SCV  
  52  5:44  SCV  
  53  5:50  SCV  
  53  5:56  Supply Depot, Raven  
  60  5:57  SCV, Siege Tank  
  60  6:02  SCV  
  61  6:09  SCV  
  62  6:17  SCV  
  63  6:20  Command Center  
  63  6:21  Supply Depot, SCV  
  63  6:25  Refinery  
  64  6:29  Siege Tank  
  64  6:30  SCV  
  68  6:34  SCV  
  69  6:42  SCV  
  69  6:43  Barracks  
  69  6:46  Barracks, SCV  
  71  6:48  Marine  
  71  6:52  Stimpack  
  71  6:54  SCV, Medivac  
  73  6:58  SCV  
  76  7:06  SCV, Marine  
  78  7:12  Supply Depot  
  78  7:15  Siege Tank  
  78  7:17  Supply Depot  
  78  7:18  Supply Depot  
  78  7:21  Engineering Bay  
  78  7:30  Barracks Reactor  
  78  7:32  SCV x2, Marine  
  78  7:33  Engineering Bay  
  81  7:40  Supply Depot  
  82  7:44  Supply Depot, SCV x2  
  82  7:45  Barracks Reactor  
  82  7:49  Marine  
  84  7:56  SCV x2, Orbital Command  
  86  8:02  Refinery x2  
  86  8:08  SCV x2  
  86  8:12  Marine x3  
  90  8:13  Siege Tank  
  94  8:20  SCV x2, Medivac  
  94  8:24  SCV  
  99  8:30  Marine x2  
  99  8:32  SCV x2, Marine x3  
  106  8:36  SCV  
  106  8:40  Barracks  
  97  8:45  SCV x2, Barracks  
  97  8:48  Marine x2  
  101  8:49  Marine  
  101  8:52  Supply Depot  
  101  8:53  Marine  
  101  8:54  Marine  
  104  9:01  Siege Tank  
  106  9:04  Medivac  
  106  9:05  Marine  
  106  9:06  Marine  
  106  9:07  SCV, Marine  
  112  9:11  Marine  
  112  9:12  Marine  
  112  9:14  SCV x2  
  112  9:15  Armory  
  115  9:19  SCV  
  115  9:23  Marine x2  
  118  9:25  Marine  
  118  9:26  SCV x2  
  118  9:27  Supply Depot  
  118  9:29  Sensor Tower, Marine  
  122  9:31  SCV  
  95  9:42  Barracks Reactor x2  
Show
View Real Time Build Order
Export as new Build Order

Epic Terran - Winner!

Build Orders:  

Get SALT Encoding   

  12  0:00  SCV  
  13  0:12  SCV  
  14  0:17  Supply Depot  
  14  0:24  SCV  
  15  0:39  SCV  
  15  0:40  Barracks  
  16  0:44  Refinery  
  16  0:51  SCV  
  16  0:54  Refinery  
  17  1:03  SCV  
  18  1:15  SCV  
  19  1:27  Reaper, Orbital Command  
  19  1:31  Supply Depot  
  20  1:47  Factory  
  20  1:53  SCV  
  21  2:00  Barracks Reactor  
  21  2:05  SCV  
  22  2:17  SCV  
  23  2:32  Hellion  
  23  2:36  Reaper, Command Center  
  26  2:37  Reaper  
  26  2:39  SCV  
  28  2:46  Supply Depot  
  28  2:51  SCV  
  28  2:54  Hellion  
  31  3:08  SCV, Starport  
  31  3:10  Marine  
  31  3:11  Marine  
  34  3:16  Factory Tech Lab  
  34  3:20  SCV  
  34  3:26  Refinery  
  34  3:35  Siege Tank, Marine x2  
  39  3:48  SCV  
  40  3:49  Medivac  
  40  3:54  Orbital Command  
  42  3:57  Marine x2  
  42  4:00  SCV  
  40  4:07  Siege Tank  
  41  4:13  SCV  
  41  4:14  Supply Depot  
  42  4:17  Marine  
  42  4:20  Marine  
  42  4:24  SCV  
  45  4:29  SCV  
  46  4:40  Marine x2  
  46  4:41  SCV x2  
  50  4:46  Raven  
  50  4:50  Factory Tech Lab  
  51  4:54  SCV  
  51  4:55  Supply Depot, SCV  
  53  5:06  SCV  
  53  5:07  SCV  
  55  5:10  Siege Tank  
  55  5:13  Barracks  
  55  5:14  Barracks Tech Lab  
  58  5:19  Engineering Bay, SCV x2, Refinery  
  56  5:35  SCV x2  
  55  5:38  Raven  
  55  5:39  Marine  
  55  5:40  Stimpack  
  55  5:46  Terran Infantry Weapons Level 1  
  55  5:47  SCV x2  
  57  5:52  Siege Tank  
  55  6:00  Command Center, SCV x2  
  55  6:01  Marine x3  
  60  6:07  Supply Depot  
  58  6:18  SCV x2  
  58  6:24  Siege Tank, Marine x3  
  65  6:31  SCV x2  
  65  6:32  Starport Reactor  
  67  6:35  Viking, Barracks  
  68  6:42  Marine x3  
  68  6:44  SCV x2  
  68  6:47  Supply Depot  
  72  6:55  Barracks  
  72  6:56  SCV x2, Barracks  
  74  7:02  Siege Tank  
  74  7:07  Starport Reactor  
  76  7:09  SCV x2  
  76  7:11  Marine x3  
  76  7:12  Supply Depot  
  80  7:20  Combat Shield  
  80  7:22  SCV x2  
  82  7:23  Barracks Reactor  
  82  7:24  Orbital Command  
  82  7:33  Marine x3  
  82  7:34  SCV x2  
  87  7:39  Supply Depot  
  87  7:40  Terran Infantry Armor Level 1  
  87  7:41  Siege Tank  
  90  7:44  Barracks Reactor x2  
  90  7:48  SCV x2  
  90  7:49  Orbital Command  
  92  7:51  Marine x2  
  92  7:52  Marine  
  92  7:54  Medivac  
  92  7:57  Medivac  
  99  8:01  SCV x2  
  99  8:05  Supply Depot  
  101  8:09  Marine x3  
  101  8:10  Marine x2  
  106  8:19  Siege Tank  
  104  8:29  Marine x2  
  104  8:30  Marine x6  
  112  8:39  Medivac x2  
  117  8:41  SCV  
  117  8:42  SCV  
  117  8:45  SCV  
  119  8:50  Supply Depot x2  
  119  8:52  Siege Tank  
  122  9:03  Marine x3  
  122  9:07  Marine x2  
  122  9:08  Marine  
  125  9:10  Marine  
  125  9:11  Marine x2  
  125  9:13  Medivac x2  
  131  9:17  Supply Depot  
  131  9:21  Marine x3  
  134  9:25  Marine x2  
  134  9:26  Marine  
  134  9:27  Marine  
Tags
 
Add a new tag
Caveats
  • Supply blocks, unpowered buildings, or Contaminate may cause inaccurate times.
  • Supply counts are checked every 10 seconds.